 Dungeon Sprint DCSS version 0.17-a0-1197-g2d00c63 (webtiles) character file.

7303 Kidiri the Unseen (level 10, 0/61 HPs)
             Began as a Spriggan Assassin on June 3, 2015.
             Was a High Priest of Dithmenos.
             Slain by a demonic crawler (5 damage)
             ... in the Dungeon (Sprint I: "Red Sonja").
             The game lasted 00:10:20 (1185 turns).

Kidiri the Unseen (Spriggan Assassin)               Turns: 1185, Time: 00:10:20

Health: 0/61       AC:  2    Str:  8 (10) XL:     10   Next: 90%
Magic:  11/11      EV: 30    Int:  8 (9)  God:    Dithmenos [*****.]
Gold:   920        SH:  0    Dex: 17      Spells: 0 memorised, 9 levels left

rFire  . . .     SeeInvis +     a - +2 dagger
rCold  . . .     Rnd*Rage +     o - troll hide
rNeg   . . .     SustAt   .     (shield restricted)
rPois  .         Gourm    .     (helmet restricted)
rElec  .         Spirit   .     d - +0 cloak
rCorr  .         Warding  .     (gloves unavailable)
rMut   .         NoTele   +     (boots unavailable)
MR     +....                    (no amulet)
Stlth  ..........               (no ring)
                                (no ring)

@: berserking (expiring), wreathed by umbra, very quick, somewhat resistant to
hostile enchantments, extremely unstealthy
A: unfitting armour, see invisible, berserk 2, blink 1, clumsy 2, deformed body,
deterioration 2, dopey 2, herbivore 3, speed 3, frail 3, low mp 3, screaming 2,
slow healing 1, slow metabolism 2, weak 1, subdued magic 3, MP-powered wands
a: Blink, Shadow Step, Shadow Form, Renounce Religion


You were in the Dungeon.
You worshipped Dithmenos.
Dithmenos was extremely pleased with you.
You were not hungry.

You visited 1 branch You collected 969 gold pieces.
You spent 49 gold pieces at shops.

Inventory:

Hand weapons
 a - a +2 dagger (weapon)
 b - a +0 blowgun
 n - a +0 dagger of venom
Missiles
 e - 24 poisoned needles
 f - 9 curare-tipped needles
Armour
 c - a +0 robe
 d - a +0 cloak (worn)
 o - a troll hide (worn)
Scrolls
 m - a scroll of blinking
 u - a scroll of remove curse
Potions
 h - 2 potions of curing
 j - a potion of haste
 k - 2 potions of magic
 l - a potion of berserk rage
Comestibles
 g - 2 bread rations


   Skills:
 * Level 10.0 Fighting
 * Level 12.4 Short Blades
 * Level 12.5 Throwing
 * Level 15.6 Dodging
 * Level 17.5 Stealth
 + Level 6.8 Invocations


You had 9 spell levels left.
You didn't know any spells.

Dungeon Overview and Level Annotations

Branches:
Dungeon (1/1)

Altars:
Cheibriados
Dithmenos
Elyvilon
Fedhas
Gozag
Kikubaaqudgha
Makhleb
Nemelex Xobeh
Okawaru
Qazlal
Ru
Sif Muna
Trog
Vehumet
Xom
Yredelemnul
Zin
The Shining One
Jiyva

Shops:
D %*}}([[

Annotations:
D exclusion: oklob plant


Innate Abilities, Weirdness & Mutations

You are tiny and cannot use many weapons and most armour.
You have supernaturally acute eyesight.
You are a herbivore.
You cover ground extremely quickly.
You need consume almost no food.
You often lose your temper in combat.
You can translocate small distances at will.
You are very clumsy. (Dex -4)
Armour fits poorly on your strangely shaped body.
Your body often deteriorates upon taking damage.
You are very dopey. (Int -4)
You are extremely frail (-30% HP).
Your magical capacity is extremely low (-30% MP).
You sometimes yell uncontrollably at your foes.
You heal slowly when monsters are visible.
You are weak. (Str -2)
Your spells are much easier to cast, but much less powerful.
You expend magic power (3 MP) to strengthen your wands.


Message History

The demonic crawler is severely wounded.
You hit the demonic crawler.
The demonic crawler is almost dead.
The demonic crawler hits you!
* * * LOW HITPOINT WARNING * * *
The demonic crawler misses you.
The demonic crawler completely misses you.
You puncture the demonic crawler!
The demonic crawler is almost dead.
The demonic crawler completely misses you. x3
Unknown command.
You hit the demonic crawler.
You kill the demonic crawler!
Dithmenos accepts your kill.
Your Fighting skill increases to level 10!
You puncture the demonic crawler!
The demonic crawler is moderately wounded.
Your shadow hits the demonic crawler but does no damage.
The demonic crawler hits you.
You die...

#################
#..'..#__#..'.).#
').#..'..'..#)..##+#
#####'#__####...@s.#
#...#(####.§#####s.+
#..##.#§≈§§§#..# +##
##'#..+§§§.§+.†#
.'..._#§§§.)#..#
##_.#'##§#####+#
###'#.#..(.###P+
###.####'###.###
.'...'.....'.∩#


You could see 2 demonic crawlers.

Vanquished Creatures
  2 centaur warriors (D)
  Sonja (D)
  A deep troll (D)
  8 shining eyes (D)
  2 kobold demonologists (D)
  2 demonic crawlers (D)
  A slime creature (D)
  Sigmund (D)
  A yak (D)
  A wasp (D)
  An ogre (D)
  Ijyb (D)
  A jelly (D)
  5 giant eyeballs (D)
  5 ballistomycetes (D)
33 creatures vanquished.

Vanquished Creatures (others)
  A gargoyle (D)
  2 giant spores (D)
3 creatures vanquished.

Grand Total: 36 creatures vanquished

Notes
Turn   | Place    | Note
--------------------------------------------------------------
     0 | D        | Kidiri the Spriggan Assassin began the quest for the Orb.
     0 | D        | Reached XP level 1. HP: 10/10 MP: 2/2
     3 | D        | Noticed Ijyb
    35 | D        | Killed Ijyb
    35 | D        | Reached skill level 7 in Stealth
    35 | D        | Reached XP level 2. HP: 7/16 MP: 3/3
   210 | D        | Killed a gargoyle
   215 | D        | Noticed an ogre
   218 | D        | Killed an ogre
   218 | D        | Reached skill level 5 in Dodging
   218 | D        | Reached skill level 8 in Stealth
   218 | D        | Reached XP level 3. HP: 20/20 MP: 4/4
   218 | D        | Reached XP level 4. HP: 24/24 MP: 5/5
   229 | D        | Noticed Sigmund
   243 | D        | Killed Sigmund
   243 | D        | Reached skill level 5 in Short Blades
   243 | D        | Reached skill level 10 in Stealth
   243 | D        | Reached XP level 5. HP: 17/30 MP: 6/6
   388 | D        | Found a snail-covered altar of Cheibriados.
   388 | D        | Found a viscous altar of Jiyva.
   388 | D        | Found a shadowy altar of Dithmenos.
   388 | D        | Found a blossoming altar of Fedhas.
   388 | D        | Noticed a slime creature
   391 | D        | Killed a slime creature
   391 | D        | Reached skill level 5 in Fighting
   391 | D        | Reached skill level 11 in Stealth
   391 | D        | Reached XP level 6. HP: 35/35 MP: 7/7
   394 | D        | Became a worshipper of Dithmenos the Shadowed
   412 | D        | Found a deep blue altar of Sif Muna.
   413 | D        | Noticed a jelly
   414 | D        | Found a radiant altar of Vehumet.
   418 | D        | Killed a jelly
   451 | D        | Found Kiamol's Gadget Emporium.
   451 | D        | Found a white marble altar of Elyvilon.
   451 | D        | Found a stormy altar of Qazlal.
   451 | D        | Found a burning altar of Makhleb.
   451 | D        | Found a sacrificial altar of Ru.
   451 | D        | Found a basalt altar of Yredelemnul.
   451 | D        | Found a glowing golden altar of the Shining One.
   451 | D        | Found a sparkling altar of Nemelex Xobeh.
   451 | D        | Found a shimmering altar of Xom.
   451 | D        | Found an opulent altar of Gozag.
   451 | D        | Found an ancient bone altar of Kikubaaqudgha.
   451 | D        | Found a glowing silver altar of Zin.
   451 | D        | Noticed a yak
   452 | D        | Found an iron altar of Okawaru.
   453 | D        | Killed a yak
   453 | D        | Reached skill level 1 in Invocations
   453 | D        | Reached XP level 7. HP: 37/39 MP: 8/8
   454 | D        | Found a bloodstained altar of Trog.
   473 | D        | Noticed Sonja
   477 | D        | Killed Sonja
   477 | D        | Reached skill level 13 in Stealth
   477 | D        | Reached XP level 8. HP: 42/45 MP: 8/11
   498 | D        | Found Yloe's Food Boutique.
   518 | D        | Noticed a deep troll
   522 | D        | Killed a deep troll
   538 | D        | Found Gosy's Armour Emporium.
   546 | D        | Bought a +0 cloak for 49 gold pieces
   575 | D        | Noticed a centaur warrior
   577 | D        | Noticed a centaur warrior
   579 | D        | Killed a centaur warrior
   579 | D        | Reached skill level 10 in Short Blades
   579 | D        | Reached skill level 10 in Throwing
   579 | D        | Reached skill level 14 in Stealth
   579 | D        | Reached XP level 9. HP: 49/51 MP: 11/13
   581 | D        | Killed a centaur warrior
   581 | D        | Acquired Dithmenos's first power
   581 | D        | Reached skill level 15 in Stealth
   581 | D        | Reached skill level 5 in Invocations
   736 | D        | Noticed a wasp
   739 | D        | Killed a wasp
   751 | D        | Noticed an oklob plant
   779 | D        | Noticed a kobold demonologist
   780 | D        | Noticed a kobold demonologist
   790 | D        | Noticed an orange demon
   800 | D        | Noticed a sixfirhy
   809 | D        | Noticed a hellwing
   818 | D        | Killed a kobold demonologist
   822 | D        | Killed a kobold demonologist
   822 | D        | Acquired Dithmenos's second power
   879 | D        | Noticed a shining eye
   879 | D        | Noticed a shining eye
   879 | D        | Noticed a shining eye
   879 | D        | Noticed a shining eye
   879 | D        | Noticed a shining eye
   879 | D        | Noticed a shining eye
   880 | D        | Noticed a shining eye
   880 | D        | Noticed a shining eye
   883 | D        | Killed a shining eye
   883 | D        | Reached XP level 10. HP: 57/57 MP: 10/15
   885 | D        | Killed a shining eye
   885 | D        | Reached skill level 16 in Stealth
   886 | D        | Gained mutation: You are clumsy. (Dex -2) [a shining eye]
   892 | D        | Gained mutation: You can translocate small distances at will. [a shining eye]
   894 | D        | Paralysed by a giant eyeball for 3 turns
   932 | D        | Gained mutation: You are very clumsy. (Dex -4) [a shining eye]
   932 | D        | Paralysed by a giant eyeball for 4 turns
   933 | D        | Gained mutation: Your body sometimes deteriorates upon taking damage. [a shining eye]
   935 | D        | Gained mutation: Your body often deteriorates upon taking damage. [a shining eye]
   936 | D        | Gained mutation: You occasionally shout uncontrollably at your foes. [a shining eye]
   947 | D        | Paralysed by a giant eyeball for 2 turns
   960 | D        | Gained mutation: Your spells are a little easier to cast, but a little less powerful. [a shining eye]
   967 | D        | Killed a shining eye
   967 | D        | Paralysed by a giant eyeball for 4 turns
   970 | D        | Gained mutation: Your magical capacity is low (-10% MP). [a shining eye]
   975 | D        | Gained mutation: You expend magic power (3 MP) to strengthen your wands. [a shining eye]
   978 | D        | Gained mutation: Armour fits poorly on your strangely shaped body. [a shining eye]
   983 | D        | Paralysed by a giant eyeball for 4 turns
   986 | D        | Gained mutation: You are dopey. (Int -2) [a shining eye]
   988 | D        | Gained mutation: You tend to lose your temper in combat. [a shining eye]
   991 | D        | Gained mutation: You are frail (-10% HP). [a shining eye]
  1000 | D        | Killed a shining eye
  1000 | D        | Acquired Dithmenos's third power
  1001 | D        | Gained mutation: Your magical capacity is very low (-20% MP). [a shining eye]
  1004 | D        | Paralysed by a giant eyeball for 3 turns
  1013 | D        | Gained mutation: Your magical capacity is extremely low (-30% MP). [a shining eye]
  1019 | D        | Killed a shining eye
  1028 | D        | Gained mutation: You heal slowly when monsters are visible. [a shining eye]
  1035 | D        | Gained mutation: You are very dopey. (Int -4) [a shining eye]
  1037 | D        | Lost mutation: You heal slowly when monsters are visible. [a shining eye]
  1042 | D        | Gained mutation: You are very frail (-20% HP). [a shining eye]
  1042 | D        | Gained mutation: You sometimes yell uncontrollably at your foes. [a shining eye]
  1046 | D        | Lost mutation: Armour fits poorly on your strangely shaped body. [a shining eye]
  1047 | D        | Gained mutation: Your spells are easier to cast, but less powerful. [a shining eye]
  1048 | D        | Killed a shining eye
  1048 | D        | Reached skill level 15 in Dodging
  1048 | D        | Gained mutation: You heal slowly when monsters are visible. [a shining eye]
  1050 | D        | Gained mutation: You are extremely frail (-30% HP). [a shining eye]
  1053 | D        | Gained mutation: You are weak. (Str -2) [a shining eye]
  1054 | D        | Gained mutation: You often lose your temper in combat. [a shining eye]
  1066 | D        | Gained mutation: Your spells are much easier to cast, but much less powerful. [a shining eye]
  1080 | D        | Gained mutation: Armour fits poorly on your strangely shaped body. [a shining eye]
  1082 | D        | Killed a shining eye
  1082 | D        | Reached skill level 17 in Stealth
  1099 | D        | Killed a shining eye
  1099 | D        | Acquired Dithmenos's fourth power
  1112 | D        | Found Qykobir's Weapon Shop.
  1112 | D        | Found Plog's General Store.
  1112 | D        | Found Wufilet's Armour Boutique.
  1112 | D        | Found Wegipn Gipi's Gadget Emporium.
  1167 | D        | Noticed a demonic crawler
  1167 | D        | Noticed a demonic crawler
  1167 | D        | Noticed a demonic crawler
  1167 | D        | Noticed a demonic crawler
  1169 | D        | Killed a demonic crawler
  1184 | D        | Killed a demonic crawler
  1184 | D        | Reached skill level 10 in Fighting
  1185 | D        | Slain by a demonic crawler

Vault maps used:
D:        dungeon_sprint_1

Action                   |  1- 3 |  4- 6 |  7- 9 | 10-12 || total
-------------------------+-------+-------+-------+-------++-------
Melee: Dagger            |     1 |     4 |    94 |   159 ||   258
 Fire: Blowgun           |     8 |     3 |       |       ||    11
Invok: Shadow Step       |       |       |     1 |       ||     1
  Use: Scroll            |       |       |     3 |       ||     3
       Potion            |       |       |     3 |       ||     3
 Stab: Sleeping          |     1 |     3 |     7 |     2 ||    13
